Cogmind - Beta 15 *** ADVENTURER MODE // 2025.05.31 @ 22:09:06 Player: Dagrontale Result: Self-destructed Performance ------------- Evolutions (1) 500 Regions Visited (2) 400 Robots Destroyed (38) 190 Value Destroyed (913) 913 Prototype IDs (1) 20 Alien Tech Used (0) 0 Bonus (0) 0 TOTAL SCORE: 2023 Bonus ------- None Cogmind --------- Core Integrity 217/400 Matter 397/500 Energy 1/100 System Corruption 0% Temperature Cool (0) Movement Walking (680) Ox8 Location -9/Materials Parts ------- > --- POWER (1) -------- (None) > --- PROPULSION (2) --- Aluminum Leg > --- UTILITY (4) ------ Huge Storage Unit High-capacity Matter Pod ECM Suite Core Shielding > --- WEAPON (2) ------- Light Cannon > --- INVENTORY (25) --- Reinforced Ion Engine Deuterium Engine Beam Rifle Particle Gun Assault Rifle Improved Assault Rifle Grenade Launcher Peak State ------------ > --- POWER ------------ Light Nuclear Core > --- PROPULSION ------- Flight Unit Flight Unit > --- UTILITY ---------- Huge Storage Unit High-capacity Matter Pod Visual Processing Unit Recoil Stabilizer > --- WEAPON ----------- Beam Cannon > --- INVENTORY -------- Reinforced Ion Engine Deuterium Engine Heat Sink Huge Storage Unit Structural Scanner ECM Suite Particle Gun Assault Rifle Improved Assault Rifle Light Cannon Light Cannon Grenade Launcher [Rating: 14] Favorites ----------- Power Light Nuclear Core Engine Light Ion Engine Power Core Light Nuclear Core Propulsion Wheel Treads Light Treads Leg Aluminum Leg Wheel Wheel Hover Unit Hover Unit Flight Unit Flight Unit Utility High-capacity Matter Pod Device Recoil Stabilizer Storage High-capacity Matter Pod Processor Visual Processing Unit Protection Core Shielding Weapon Light Cannon Energy Cannon Beam Cannon Ballistic Gun Light Assault Rifle Ballistic Cannon Light Cannon Launcher Grenade Launcher Special Weapon Mining Laser Build | -11 -10 -9 ------- Run | Yrd Mat Mat Slots Evolved 2 | . . 2 Power . | . . . Propulsion . | . . . Utility 2 | . . 2 Weapon . | . . . Parts Attached 28 | 5 10 13 Power 3 | 1 1 1 Engine 1 | 1 . . Core 2 | . 1 1 Reactor . | . . . Propulsion 10 | 2 2 6 Treads 2 | 2 . . Leg 1 | . . 1 Wheel 2 | . 2 . Hover 3 | . . 3 Flight 2 | . . 2 Utility 9 | 1 4 4 Device 2 | . . 2 Storage 5 | 1 4 . Processor 1 | . . 1 Hackware . | . . . Protection 1 | . . 1 Artifact . | . . . Weapon 6 | 1 3 2 Energy Gun . | . . . Energy Cannon 1 | . 1 . Ballistic Gun 1 | 1 . . Ballistic Cannon 2 | . . 2 Launcher 1 | . 1 . Special Weapon 1 | . 1 . Impact Weapon . | . . . Slashing Weapon . | . . . Piercing Weapon . | . . . Special Melee Weapon . | . . . Unidentified Prototypes . | . . . Parts Lost 11 | . 4 7 Power 3 | . 1 2 Propulsion 4 | . 1 3 Utility 1 | . . 1 Weapon 3 | . 2 1 Highest Loss Streak 2 | . 2 2 To Critical Strikes . | . . . Average Backups 8 | . 5 9 Power 1 | . . 1 Propulsion . | . . . Utility 2 | . 3 1 Weapon 4 | . 1 5 Tool/Special . | . . . Unused Backups 9 | . . 9 Power 2 | . . 2 Propulsion . | . . . Utility 3 | . . 3 Weapon 4 | . . 4 Tool/Special . | . . . Average Slot Usage (%) 70 | . 88 66 Core 3 | . 9 2 Treads 1 | . 10 . Wheel 2 | . 15 . Hover 1 | . . 2 Flight 1 | . . 1 Device 7 | . . 9 Storage 22 | . 25 22 Processor 2 | . . 3 Protection 5 | . . 6 Energy Cannon 2 | . 2 2 Ballistic Gun 2 | . 11 . Ballistic Cannon 13 | . . 16 Peak Build Rating 14 | 5 10 14 Average Rating 9 | 3 7 9 On Entrance 4 | . 5 8 Naked Turns . | . . . Heaviest Build 93 | 9 92 93 Greatest Support 40 | 40 40 10 Greatest Overweight (x) 30 | . 9 30 Average Overweight (x) 8 | . 1 25 Largest Inventory Capacity 25 | 8 25 25 Average Capacity 22 | 6 12 25 Most Carried 15 | 3 12 15 Average Carried 8 | . 5 9 Final Capacity 25 | 8 25 25 Final Carried 10 | . 10 7 Class Distribution -------------------- 97% | Mutant Dominant Class ---------------- Mutant | -10/Materials Mutant | -9/Materials Resources | -11 -10 -9 ----------- Run | Yrd Mat Mat Matter Collected 838 | 161 456 221 Remotely . | . . . Salvage Created 983 | . 457 526 Parts 69 | . 30 39 Haulers Intercepted . | . . . Recyclers Shooed 1 | . . 1 Parts Field Recycled . | . . . Retrieved Matter . | . . . Parts Self-Destructed . | . . . Prevented . | . . . Kills | -11 -10 -9 ------- Run | Yrd Mat Mat Combat Hostiles Destroyed 29 | . 12 17 Guns 5 | . 5 . Cannons 21 | . 4 17 AOE 3 | . 3 . Classes Destroyed 8 | . 4 4 Worker 2 | . . 2 Builder 1 | . 1 . Recycler 1 | . . 1 Watcher 5 | . 3 2 Swarmer 10 | . 3 7 Grunt 15 | . 9 6 Brawler 1 | . . 1 Sentry 3 | . . 3 Best Kill Streak 5 | . 3 5 Combat Bots Only 5 | . 3 5 Max Kills in Single Turn 2 | . 2 2 Gunslinging . | . . . Exploded 2 | . 2 . Melee . | . . . Uniques/NPCs Destroyed . | . . . Combat | -11 -10 -9 -------- Run | Yrd Mat Mat Hostile Shots Fired 232 | . 94 138 Missed 64 | . 24 40 Hits 168 | . 70 98 Melee 2 | . . 2 Projectile 166 | . 70 96 Critical Strikes 1 | . 1 . Damage Taken 1553 | . 717 836 Core 351 | . 168 183 Absorbed by Shields . | . . . Redirected to Shielding 8 | . . 8 Ignored by Resistances 482 | . 221 261 Core Remaining (%) 66 | 100 32 . Volleys Fired 124 | . 81 43 Largest 2 | . 2 2 Hottest 120 | . 120 60 Shots Fired 154 | . 87 67 Gun 69 | . 69 . Cannon 80 | . 13 67 Launcher 4 | . 4 . Special 1 | . 1 . Kinetic 117 | . 69 48 Thermal 33 | . 14 19 Explosive 4 | . 4 . Electromagnetic . | . . . Robot Hit Streak 15 | . 12 15 Robot Miss Streak 4 | . 4 2 Penetration Max . | . . . Secondary Targets . | . . . Shots Hit Robots 110 | . 63 47 Core Hits 60 | . 34 26 Critical Kills . | . . . Critical Parts Destroyed . | . . . Critical Strikes 1 | . . 1 Blast 1 | . . 1 Melee Attacks . | . . . Impact . | . . . Slashing . | . . . Piercing . | . . . Sneak Attacks . | . . . Combat Hostiles . | . . . Follow-up Attacks . | . . . Damage Inflicted 1840 | . 951 889 Guns 406 | . 406 . Cannons 1065 | . 176 889 Explosions 345 | . 345 . Melee . | . . . Ramming . | . . . Kinetic 1046 | . 406 640 Thermal 449 | . 200 249 Explosive 345 | . 345 . Electromagnetic . | . . . Impact . | . . . Slashing . | . . . Piercing . | . . . Highest Corruption . | . . . Average Corruption . | . . . Corruption Purged . | . . . Corruption Blocked . | . . . Overload Shots . | . . . Overflow Damage 29 | . 29 . Projectiles . | . . . Explosions 29 | . 29 . Melee . | . . . Knockbacks 1 | . . 1 Impact . | . . . Kinetic 1 | . . 1 Secondary . | . . . Self-Inflicted Damage 31 | . 31 . Shots 1 | . 1 . Rammed . | . . . Targets Rammed . | . . . Kicked . | . . . Crushed . | . . . Highest Temperature 188 | . 188 108 Average Temperature 40 | . 40 41 Received Heat Transfer 861 | . 495 366 Siege Activations . | . . . Martial Activations . | . . . Shielding Activations . | . . . Robots Disrupted . | . . . Combat Hostiles . | . . . Robots Corrupted . | . . . Combat Hostiles . | . . . Parts Fried . | . . . Impact Corruptions . | . . . Robots Melted . | . . . Combat Hostiles . | . . . Parts Melted 1 | . . 1 Heat Transferred 938 | . 420 518 Parts Sabotaged . | . . . Parts Stolen . | . . . Parts Stripped . | . . . Power Chain Reactions . | . . . Alert | -11 -10 -9 ------- Run | Yrd Mat Mat Maximum Alert Level . | . . . Low Security (%) 100 | 100 100 100 Level 1 . | . . . Level 2 . | . . . Level 3 . | . . . Level 4 . | . . . Level 5 . | . . . High Security . | . . . Max Security . | . . . Peak Influence 97 | . 97 90 Initial . | . . . Average 6 | . 18 4 Influence Increases 802 | . 352 450 Destroy 0b10 Robot/C 580 | . 240 340 Destroy 0b10 Robot/NC 45 | . 20 25 Destroy Leader 140 | . 56 84 Successful Hack 24 | . 24 . Destroy Structure 13 | . 12 1 Influence Decreases 802 | . 352 450 Time Decay 742 | . 332 410 Lost Part 60 | . 20 40 Squads Dispatched 3 | . 1 2 Investigation 1 | . 1 . Extermination . | . . . Reinforcement 2 | . . 2 Assault . | . . . Garrison . | . . . Intercept . | . . . Searches Triggered . | . . . Construction Impeded . | . . . Haulers Reinforced . | . . . Active Scanning Responses . | . . . Cargo Convoy Interrupts . | . . . Stealth | -11 -10 -9 --------- Run | Yrd Mat Mat Distress Signals 2 | . . 2 Communications Jammed . | . . . Distress Signals . | . . . Times Spotted 44 | . 17 27 Peak Tracking Total 5 | . 3 5 Tactical Retreats . | . . . Traps | -11 -10 -9 ------- Run | Yrd Mat Mat Traps Triggered 2 | . 2 . Indirectly . | . . . Trap Hack Attempts . | . . . Triggered . | . . . Disarmed . | . . . Reprogrammed . | . . . Reused . | . . . Traps Extracted . | . . . Installed . | . . . Triggered . | . . . Machines | -11 -10 -9 ---------- Run | Yrd Mat Mat Machines Disabled 3 | . 3 . Max in Single Turn 3 | . 3 . Machines Repaired . | . . . Machines Dismantled . | . . . Machines Sabotaged . | . . . Overloaded Fab Kills . | . . . Hacking | -11 -10 -9 --------- Run | Yrd Mat Mat Machines Accessed 8 | . 6 2 Terminals 7 | . 6 1 Fabricators . | . . . Repair Stations . | . . . Recycling Units . | . . . Scanalyzers 1 | . . 1 Garrison Access . | . . . Total Hacks 15 | . 11 4 Successful 10 | . 7 3 Failed 5 | . 4 1 Catastrophic 2 | . 2 . Database Lockouts . | . . . Manual . | . . . Terminals 13 | . 11 2 Fabricators . | . . . Repair Stations . | . . . Recycling Units . | . . . Scanalyzers 2 | . . 2 Garrison Access . | . . . Terminal Hacks 8 | . 7 1 Record 6 | . 6 . Robot Analysis 1 | . . 1 Hauler Manifests 1 | . 1 . Fabricator Hacks . | . . . Repair Station Hacks . | . . . Recycling Unit Hacks . | . . . Scanalyzer 2 | . . 2 Insert Component 1 | . . 1 Analyze 1 | . . 1 Garrison Access Hacks . | . . . Unauthorized Hacks . | . . . Terminals . | . . . Fabricators . | . . . Repair Stations . | . . . Recycling Units . | . . . Scanalyzers . | . . . Garrison Access . | . . . Data Cores Recovered . | . . . Used . | . . . Hacking Detections 7 | . 5 2 Full Trace Events . | . . . Feedback Events . | . . . Feedback Blocked . | . . . Robot Schematics Acquired . | . . . Robots Built . | . . . Authchips . | . . . Time . | . . . Total Robot Build Rating . | . . . Part Schematics Acquired 1 | . . 1 Parts Built . | . . . Authchips . | . . . Time . | . . . Total Part Build Rating . | . . . Parts Repaired . | . . . Time . | . . . Parts Recycled . | . . . Recycled Matter . | . . . Retrieved Matter . | . . . Retrieved Components . | . . . Parts Scanalyzed 1 | . . 1 Part Schematics Acquired 1 | . . 1 Parts Damaged . | . . . Bothacking | -11 -10 -9 ------------ Run | Yrd Mat Mat Used RIF Installer . | . . . Robots Hacked . | . . . Non-combat . | . . . Combat . | . . . Robot Hacks Applied . | . . . Relay Couplers Released . | . . . Fabnet Peak Effective % . | . . . Robots Rewired . | . . . Allies Hacked . | . . . Hacks Repelled . | . . . Allies | -11 -10 -9 -------- Run | Yrd Mat Mat Total Allies . | . . . Largest Group . | . . . Highest-Rated Group . | . . . Highest-Rated Ally . | . . . Total Orders . | . . . Ally Attacks . | . . . Total Damage . | . . . Kills . | . . . Allies Corrupted . | . . . Allies Melted . | . . . Intel | -11 -10 -9 ------- Run | Yrd Mat Mat Active Infowar (turns) 2021 | . . 2021 Optics 1779 | . . 1779 ECM 242 | . . 242 Robot Analysis Total 1 | . . 1 Derelict Logs Recovered . | . . . Drone Launches . | . . . Drone Recoveries . | . . . Exploration | -11 -10 -9 ------------- Run | Yrd Mat Mat Turns Passed 7378 | 51 1344 5983 Spaces Moved 1389 | 29 929 431 Core 334 | 4 . 330 Treads 252 | 25 227 . Legs 26 | . . 26 Wheels 725 | . 702 23 Hover 7 | . . 7 Flight 45 | . . 45 Fastest Speed 50 | 50 80 215 Average Speed 501 | 144 119 1346 Slowest Speed 1550 | 160 215 1550 Overloaded Moves . | . . . Propulsion Burnouts . | . . . Robots Hopped . | . . . Potential Cave-ins . | . . . Cave-ins Triggered . | . . . Exploration Rate (%) 43 | 3 95 33 Regions Visited 2 Branch Regions . Pre-discovered Areas . | . . . Known Exits Taken . | . . . Unknown Exits Taken 2 | 1 1 . Scrap Searched . | . . . Spaces Dug . | . . . Terrain Destroyed 12 | . 12 . Melee . | . . . Projectile . | . . . AOE 12 | . 12 . Terrain Rammed . | . . . Walls Destroyed . | . . . Machines Disabled . | . . . Actions | -11 -10 -9 --------- Run | Yrd Mat Mat Total 1667 | 38 1084 545 Wait 78 | . 41 37 Move 1387 | 28 928 431 Hop . | . . . Pick Up 37 | 5 19 13 Fast Attach . | . . . Attach 18 | 5 4 9 Detach . | . . . Swap 10 | . 6 4 Drop 13 | . 5 8 Fire 124 | . 81 43 Melee . | . . . Ram . | . . . Kick . | . . . Crush . | . . . Escape Stasis . | . . . Rewire . | . . . Trap . | . . . Miscellaneous . | . . . Route ------- -11/Scrapyard -10/Materials (discovered 4 exits: *Mat x3 / [*Min]) -9/Materials History --------- Turn | Location | Event 14 | -11/Scrapyard | Discovered new exit (range 16) 52 | -11/Scrapyard | Entered Materials 300 | -10/Materials | Build established: Mutant 449 | -10/Materials | Discovered new exit (range 9) 594 | -10/Materials | Discovered new exit (range 16) 934 | -10/Materials | Discovered new exit (range 15) 1123 | -10/Materials | Core integrity fell below 50% 1186 | -10/Materials | Discovered new exit (range 15) 1396 | -10/Materials | Entered another Materials area 1396 | -9/Materials | Evolved 2 slots: Utility x2 7379 | -9/Materials | Self-destructed Last Messages --------------- 07163_ R-06 Scavenger collects Hover Unit. 07167_ R-06 Scavenger collects Lgt. Ion Engine. 07320_ K-01 Serf cleans the Fusion Modulator. 07329_ K-01 Serf cleans the Terminal. 07332_ K-01 Serf cleans the Fusion Modulator. 07335_ K-01 Serf cleans the Terminal. 07338_ K-01 Serf cleans the Fusion Modulator. 07339_ G-34 Mercenary destroyed. 07339_ K-01 Serf destroyed. 07342_ K-01 Serf collects debris. 07343_ R-06 Scavenger collects Sml. Matter Pod. 07346_ K-01 Serf collects debris. 07346_ R-06 Scavenger collects Aluminum Leg. 07351_ K-01 Serf collects debris. 07351_ R-06 Scavenger collects Heat Sink. 07355_ K-01 Serf collects debris. 07371_ K-01 Serf cleans the Terminal. 07371_ Lgt. Cannon destroyed. 07375_ K-01 Serf collects debris. Map ----- +----------------------------------------------------+ | ???????????????????# #?# " % % % | | ???????????????????#^ ^#?# % % %% | | ???????????????????+ *%#?# ##########+######## | | ???????????????????#%%%#?## ##??????? ?????? | | ???????????????????#% #??# #???????" #????? | | ???????????????????# #??# #??????"" """ #????? | | ????????????######## !%#??# #????" "" """ #????? | | ????????????# T # %#??# #??? """ #????? | | ????????????# # #??# ###?? = #????? | | ????????????# """ +% #### #T#############????? | | ????????????# """ # #????? | | ????????????# """ # % % +????? | | ????????????# # % % #????? | | ????????????###+##########+###[ """ ##????? | | ????????????????????????# # """ #?????? | | ????????????????????????# # """ #?????? | | ????????????????????????# # !!! #?????? | | ????????????????????????# # !!! ####??? | | ????????????????????????# # !! ??? | | ????????????????????????# + ??? | | ????????????????????????# # ??? | | ????????????????????????# # #T##########??? | | ??????????????# ##+#+############+####???????????? | | ??????????????# w # #?????????????? | | ??????????????# # #?????????????? | | ????????????? + u @/r #?????????????? | | ??????????????# """ g# #?????????????? | | ????????????????? a""" # #?????????????? | | ????????????????? """ ku##########????########+# | | ?????????????????? "?????????????# | | ????????????????? %T?????????????+ | | ????????????????# """ u "?????????????# | | ????????????????# """ % #?????????????# "Y" ! | | ??????????????? + """ ?????????????# """ !! | | ?????????????? ?# ? ] ?????????????# != | | ???????????????????? ?????????????########## | | ????????????????????#####+#??????????????????????? | | ?????????????????????????????????????????????????? | | ?????????????????????????????????????????????????? | | ?????????????????????????????????????????????????# | | ?????????????????????????????????????????????????# | | ?????????????????????????????????????????????????# | | ?????????????????????????????????????????????????# | | ?????????????????????????????????????????????????# | | ?????????????????????????????????????????????????# | | ?????????????????????????????????????????????????# | | ?????????????????????????????????????????????????# | | ?????????????????????????????????????????????????? | | ?????????????????????????????????????????????????? | | ?????????????????????????????????????????????????? | +----------------------------------------------------+ Best States ------------- Heat Dissipation 28 Energy Generation 14 Energy Capacity 160 Matter Stores 500 Matter Capacity 500 Sight Range 18 Terrain Scan Density 10 ECM Strength 1 Resistance: KI 20 Resistance: TH 20 Resistance: EX 20 Resistance: EM 20 Resistance: I 20 Resistance: S 20 Resistance: P 20 Core Shielding 20 Evasion (%) 44 Recoil Reduction 4 Offensive Hacking 10 Item Schematics ----------------- Imp. Assault Rifle | -9/Materials | Scanalyzed Robot Schematics ------------------ None Fabricated ------------ Nothing Repaired ---------- Nothing Alien Tech Used ----------------- None Achievements -------------- Let's See Who's Tougher Safety First Shopping List Universal Adapter Challenges ------------ None Game ------ Seed SalvagingTowerSplitter Manual? 0 Play Time 00:33:20 Cumulative 3.1 hours Start 2025.05.31 @ 21:35:00 End 2025.05.31 @ 22:09:06 Sessions 1 Manual Loads 0 Difficulty Adventurer Special Mode None Game No. 3 Rogue 0 Adventurer 3 Explorer 0 Win Type - Total 0 Types 0/0/0/0/0/0/0/0/0/0 Lore% 0 Gallery% 6 Achievement% 7 Wizard Run 0 Options --------- Layout 2 ASCII 0 Keyboard 0 Movement Mouse Keybinds 0 Fullscreen 1 Font 48/Smallcaps Map View 50x44 Zoom Use 0% Tactical HUD 1 Map Filters NONE Filters NONE Steam 1 RUN: 145d702a-1a06-4da5-acfa-ffc1dce8628c